 Dungeon Crawl Stone Soup version 0.21.1-1-g345015f (webtiles) character file.

558635 VLARC the Spry (level 26, -4/185 HPs)
             Began as an Octopode Wizard on Apr 5, 2018.
             Was the Champion of Kikubaaqudgha.
             Slain by a tentacled monstrosity (19 damage)
             ... on level 4 of the Realm of Zot on Apr 12, 2018.
             The game lasted 06:20:17 (78633 turns).

VLARC the Spry (Octopode Wizard)                   Turns: 78633, Time: 06:20:19

Health: -4/185     AC: 10    Str:  4    XL:     26   Next: 56%
Magic:  25/46      EV: 23    Int: 38    God:    Kikubaaqudgha [******]
Gold:   4839       SH: 13    Dex: 13    Spells: 5/53 levels left

rFire    + . .     SeeInvis +   M - +9 double sword (drain)
rCold    + . .     Gourm    .   S - +3 warlock's mirror {reflect}
rNeg     + . .     Faith    .   P - +3 hat of Pondering {ponderous, MR+ MP+10 Int+5}
rPois    .         Spirit   .   W - +5 amulet of reflection
rElec    +         Reflect  +   l - +3 ring of protection
rCorr    .         Harm     .   X - ring of positive energy
MR       +++..                  Z - ring "Rytry" {rF+ SInv}
Stlth    ++........             J - ring of protection from cold
HPRegen  0.40/turn              Q - ring of protection from magic
MPRegen  0.30/turn              q - ring "Omuotax" {AC+3 SInv}
                                U - ring of wizardry
                                c - ring of Iptiuc {rElec Int+5 SInv}

@: constricted, slow
A: almost no armour, stealthy swim, amphibious, 8 rings, constrict 8, camouflage
1, low mp 1, weak 2, gelatinous body 1, subdued magic 1
0: Orb of Zot
}: 3/15 runes: decaying, silver, gossamer
a: Receive Corpses, Torment, Renounce Religion


You were on level 4 of the Realm of Zot.
You worshipped Kikubaaqudgha.
Kikubaaqudgha was exalted by your worship.
You were not hungry.

You visited 11 branches of the dungeon, and saw 51 of its levels.
You also visited: Sewer, Ice Cave and Wizlab.

You collected 6266 gold pieces.
You spent 1427 gold pieces at shops.

Inventory:

Hand Weapons
 C - the +9 triple sword of the Evening {slice, Fragile rF++ rN+}
   (You took it off an ironbrand convoker on level 5 of the Vaults)

   It inflicts extra damage upon your enemies.
   It greatly protects you from fire.
   It protects you from negative energy.
   It will be destroyed if unequipped.
 M - a +9 double sword of draining (weapon)
Missiles
 E - 5 throwing nets (quivered)
Armour
 P - the +3 hat of Pondering (worn) {ponderous, MR+ MP+10 Int+5}
   (You found it on level 2 of the Lair of Beasts)

   It affects your intelligence (+5).
   It affects your resistance to hostile enchantments.
   It affects your magic capacity (+10).
 S - the +3 warlock's mirror (worn) {reflect}
   (You acquired it on level 5 of the Lair of Beasts)
Jewellery
 a - an uncursed ring of protection from cold
 c - the ring of Iptiuc (on tentacle) {rElec Int+5 SInv}
   (You took it off an ogre mage on level 4 of the Vaults)

   [ring of see invisible]

   It affects your intelligence (+5).
   It insulates you from electricity.
   It lets you see invisible.
 l - a +3 ring of protection (left tentacle)
 q - the ring "Omuotax" (on tentacle) {AC+3 SInv}
   (You took it off a deep elf death mage on level 3 of the Elven Halls)

   [ring of protection]

   It affects your AC (+3).
   It lets you see invisible.
 y - a +5 ring of evasion
 F - an uncursed ring of resist corrosion
 J - a ring of protection from cold (on tentacle)
 Q - a ring of protection from magic (on tentacle)
 U - a ring of wizardry (on tentacle)
 W - a +5 amulet of reflection (around mantle)
 X - a ring of positive energy (right tentacle)
 Z - the ring "Rytry" (on tentacle) {rF+ SInv}
   (You acquired it on level 14 of the Dungeon)

   [ring of protection from fire]

   It protects you from fire.
   It lets you see invisible.
Wands
 g - a wand of polymorph (15)
 w - a wand of enslavement (20)
 x - a wand of paralysis (32)
 L - a wand of clouds (5)
 N - a wand of flame (41)
 O - a wand of acid (6)
 Y - a wand of digging (67)
Scrolls
 i - 16 scrolls of remove curse
 k - 14 scrolls of teleportation
 p - 15 scrolls of identify
 t - 3 scrolls of enchant weapon
 B - a scroll of fog
 I - 6 scrolls of amnesia
 K - 2 scrolls of torment
 R - 5 scrolls of fear
 V - a scroll of blinking
Potions
 b - 5 potions of agility
 d - 8 potions of flight
 e - 8 potions of brilliance
 h - 4 potions of might
 j - 11 potions of lignification
 m - 2 potions of haste
 n - 22 potions of curing
 o - 11 potions of mutation
 v - 3 potions of invisibility
 A - 3 potions of cancellation
 G - 4 potions of berserk rage
 H - 2 potions of resistance
Books
 s - a Necronomicon

   Spells                             Type                      Level
   a - Haunt                          Necromancy/Summoning         7
   b - Borgnjor's Revivification      Necromancy                   8
   c - Death's Door                   Charms/Necromancy            8
   d - Infestation                    Necromancy                   8
   e - Necromutation                  Transmutation/Necromancy     8
Miscellaneous
 u - 2 boxes of beasts
Comestibles
 f - 27 rations


   Skills:
 + Level 16.3 Fighting
 + Level 10.5 Long Blades
 + Level 20.3 Dodging
 - Level 10.3 Stealth
 - Level 7.0 Shields
 - Level 14.0 Spellcasting
 - Level 10.0 Conjurations
 - Level 9.0 Charms
   Level 11.0 Summonings
 - Level 19.0 Necromancy
 - Level 2.0 Translocations
 - Level 8.0 Transmutations
   Level 6.1 Fire Magic
 - Level 10.0 Ice Magic
 - Level 10.0 Air Magic
 - Level 11.2 Earth Magic
   Level 4.0 Poison Magic
 - Level 7.6 Evocations


You had 5 spell levels left.
You knew the following spells:

 Your Spells              Type           Power        Failure   Level  Hunger
a - Magic Dart            Conj           ####         0%          1    None
b - Blink                 Tloc           N/A          1%          2    None
c - Statue Form           Tmut/Erth      ######...    1%          6    #......
d - Simulacrum            Ice/Necr       #######...   1%          6    #......
e - Animate Dead          Necr           N/A          0%          4    None
f - Freezing Cloud        Conj/Ice/Air   ######....   1%          6    #......
g - Borgnjor's Vile Clut  Necr/Erth      #######...   1%          5    None
h - Dispel Undead         Necr           #######.     0%          5    None
i - Regeneration          Chrm/Necr      #######...   0%          3    None
j - Sublimation of Blood  Necr           #######...   0%          2    None
k - Infestation           Necr           #######...   1%          8    ######.


Dungeon Overview and Level Annotations

Branches:
Dungeon (15/15)            Temple (1/1) D:4            Lair (6/6) D:10
  Swamp (4/4) Lair:2       Spider (4/4) Lair:3        Slime (0/5) Lair:6
    Orc (2/2) D:12            Elf (3/3) Orc:2        Vaults (5/5) D:14
  Crypt (1/3) Vaults:2     Depths (5/5) D:15            Zot (5/5) Depths:5

Altars:
Ashenzari
Cheibriados
Dithmenos
Elyvilon
Fedhas
Gozag
Hepliaklqana
Kikubaaqudgha
Makhleb
Nemelex Xobeh
Okawaru
Qazlal
Ru
Sif Muna
Trog
Uskayaw
Vehumet
Wu Jian
Xom
Yredelemnul
Zin
The Shining One

Shops:
D:4 *   D:8 }=(   D:14 [   Orc:2 [=%?   Elf:1 (   Vaults:2 !   Vaults:3 *

Portals:
Hell: Depths:1 Depths:2 Depths:3 Depths:5
Abyss: Depths:1 Depths:2
Pandemonium: Depths:3
Ziggurat: Depths:2

Annotations:
Elf:2 2 runed doors
Vaults:5 +9 tripple sw


Innate Abilities, Weirdness & Mutations

You cannot wear most types of armour.
You are very stealthy in the water. (Stealth+)
You are amphibious.
You can wear up to eight rings at the same time.
You can use your tentacles to constrict eight enemies at once.
Your skin changes colour to match your surroundings (Stealth+).
Your rubbery body absorbs attacks. (AC +1, EV +1)
Your magical capacity is low. (-10% MP)
You are very weak. (Str -4)
Your spells are a little easier to cast, but a little less powerful.


Message History

* * * LOW HITPOINT WARNING * * *
The tentacled monstrosity closely misses you.
You riposte.
You barely miss the tentacled monstrosity.
The tentacled monstrosity is lightly wounded.
You block the tentacled monstrosity's attack.
The tentacled monstrosity misses you. The tentacled monstrosity grabs you.
You stop ascending the stairs.
* * * LOW HITPOINT WARNING * * *
The tentacled monstrosity constricts you.
Ufru hits you!
* * * LOW HITPOINT WARNING * * *
Space bends around you.
* * * LOW HITPOINT WARNING * * *
Casting: Borgnjor's Vile Clutch
Confirm with . or Enter, or press ? or * to list all spells.
The tentacled monstrosity's grasp on you weakens, but your attempt to escape fails.
The tentacled monstrosity tentacle-slaps you!!
You die...
Kikubaaqudgha rasps: "You have failed me!
Welcome... death!"

*,,,,,,**,,,#....kq.*,,
#..,,,,**...*#q.8dk#**,
#..,,***#..,*#..qql# *,
#...,,* #.#**#...q.#**,
#...,,###.# #..qXD#,**
#....,#...# ##...##,,*
#....##...#####...#,,,*
*##..........q..##'##,,,*
***.......@&..q.X.....,,,,*
*,,........X..[.......,,,,*
*,,.../..####....###...*,,,
*,,.###................*,,,
****,..................*,,,
*......#......#....#****
#.....,####..>#,...#
#####*** #..!#,,..#
#####*,,.#


You could see Ufru, 2 tentacled monstrosities and 2 draconians.

Vanquished Creatures
  7 ancient liches (Zot:5)
  An orb of fire (Zot:5)
  the Lernaean hydra (Swamp:4)
  Boris (Crypt:1)
  Xtahua (Vaults:2)
  Nikola (Depths:2)
  2 golden dragons
  Arachne (Spider:2)
  A bone dragon (Elf:1)
  A lich (Depths:2)
  2 tentacled monstrosities
  Rupert (D:14)
  Jorgrun (Swamp:4)
  A deep elf master archer (Elf:3)
  4 quicksilver dragons
  7 titans
  6 Orb Guardians (Zot:5)
  A deep elf blademaster (Elf:3)
  A sphinx (Vaults:5)
  Frances (D:12)
  Gastronok (Lair:1)
  2 thorn hunters
  5 shadow dragons
  A draconian monk (Zot:2)
  5 storm dragons
  5 tengu reavers
  Roxanne (Swamp:1)
  3 death cobs
  Donald (Swamp:2)
  6 fire giants
  3 ghost moths (Spider:4)
  An iron dragon (Elf:1)
  A balrug (Depths:5)
  4 draconian knights
  A draconian scorcher (Depths:5)
  4 frost giants
  An emperor scorpion (Spider:4)
  11 vault wardens
  4 deep elf sorcerers
  A juggernaut zombie (Crypt:1)
  A ghoul (Vaults:4)
  3 deep elf elementalists
  A draconian stormcaller (Depths:5)
  8 ironheart preservers
  4 very ugly things
  2 draconian annihilators (Zot:2)
  The ghost of HammerPanzer the Fencer, a journeyman DrBe of Trog (D:15)
  12 stone giants
  4 deep elf annihilators
  8 deep elf demonologists
  A black draconian (Zot:2)
  5 green draconians
  3 red draconians
  4 white draconians (Zot:2)
  7 spark wasps
  A vampire knight (Depths:5)
  3 yellow draconians (Zot:2)
  5 deep elf death magi
  11 ettins
  Snorg (Orc:2)
  7 fire dragons
  An ettin (shapeshifter) (Vaults:5)
  A merfolk javelineer (Depths:4)
  12 yaktaur captains
  Harold (Orc:1)
  3 deep elf high priests
  4 great orbs of eyes
  5 jiangshi
  22 hydras
  Fannar (D:11)
  4 rakshasas
  20 vault guards
  A spriggan air mage (Depths:2)
  9 ogre magi
  5 ice dragons
  2 catoblepae
  6 ghost crabs
  6 centaur warriors
  4 tengu warriors
  4 alligators
  15 dancing weapons
  4 deep troll shamans
  A death knight (Vaults:1)
  A queen ant (shapeshifter) (Vaults:3)
  Erica (Lair:1)
  7 deep troll earth magi
  22 two-headed ogres
  2 vampire magi
  6 death yaks
  A shock serpent (WizLab)
  Urug (D:11)
  An orc high priest (Elf:1)
  23 deep elf knights
  6 hell knights
  2 sun demons (Depths:5)
  11 skeletal warriors
  A fire crab (Elf:1)
  2 fire crabs (shapeshifter)
  23 deep trolls
  2 sea snakes (Elf:1)
  4 glowing orange brains
  A death drake (WizLab)
  5 wizards
  2 shadow demons (Depths:1)
  6 unseen horrors
  6 orc knights
  A shambling mangrove (Swamp:1)
  10 swamp dragons
  2 flayed ghosts
  16 deep elf archers
  3 lindwurms
  2 phantasmal warriors
  11 ironbrand convokers
  2 harpies (shapeshifter)
  10 necromancers
  Pikel (D:7)
  65 deep elf magi
  4 oklob plants (Lair:6)
  A shining eye (shapeshifter) (Depths:3)
  16 wolf spiders
  A golden dragon skeleton (Elf:1)
  2 manticores (shapeshifter)
  10 orb spiders
  4 orc sorcerers
  23 ugly things
  5 manticores
  2 cyclopes
  5 salamanders (Depths:3)
  6 apocalypse crabs
  Maurice (D:11)
  Joseph (Lair:1)
  6 moths of wrath
  A centaur zombie (D:11)
  7 black mambas
  A water nymph (shapeshifter) (Vaults:3)
  5 molten gargoyles
  A guardian serpent (shapeshifter) (Elf:2)
  A black mamba (shapeshifter) (Vaults:5)
  6 vault sentinels
  3 human skeletons (Vaults:1)
  A smoke demon (Zot:5)
  4 gargoyles
  14 spiny frogs
  A titan simulacrum (Elf:1)
  2 torpor snails (Spider:3)
  5 ice statues (IceCv)
  A rust devil (Depths:2)
  A storm dragon simulacrum (Vaults:2)
  5 freezing wraiths
  A rime drake (Lair:1)
  5 demonic crawlers
  A tormentor (Depths:3)
  An efreet (D:13)
  A black draconian zombie (Crypt:1)
  A rime drake (shapeshifter) (Vaults:3)
  5 komodo dragons
  A golden dragon simulacrum (Elf:1)
  3 tengu conjurers
  2 kobold demonologists
  43 yaktaurs
  A hellwing (Depths:3)
  A merfolk (shapeshifter) (Vaults:4)
  6 trolls
  3 meliai (D:14)
  14 jumping spiders
  A polar bear (Lair:3)
  3 tyrant leeches
  2 wind drakes (WizLab)
  2 raiju (Elf:1)
  5 hippogriffs
  29 slime creatures
  5 bog bodies
  16 hornets
  17 blink frogs
  21 tarantellas
  2 dire elephant simulacra (IceCv)
  A vampire (D:15)
  33 redbacks
  A spriggan (shapeshifter) (Vaults:2)
  5 water elementals
  2 shadows
  A tarantella (shapeshifter) (Elf:1)
  8 air elementals
  A human (shapeshifter) (Vaults:1)
  A yak (shapeshifter) (Depths:5)
  6 spriggans
  2 wraiths
  6 fire elementals
  32 yaks
  2 elf skeletons
  Eustachio (D:4)
  9 wyverns
  12 humans (D:14)
  14 vampire mosquitoes
  2 hungry ghosts
  6 large abominations
  4 basilisks
  4 steam dragons
  A naga (shapeshifter) (Vaults:1)
  A gelid demonspawn zombie (Crypt:1)
  11 swamp worms
  A warg (Orc:2)
  11 insubstantial wisps
  4 hell hounds (Lair:6)
  An acid dragon (Vaults:1)
  2 harpy simulacra (IceCv)
  3 hydra simulacra (IceCv)
  13 water moccasins
  Duvessa (D:5)
  A floating eye (Depths:2)
  9 porcupines
  5 sky beasts
  31 orc warriors
  8 ice beasts
  2 black bears
  A black bear (shapeshifter) (Elf:2)
  A necrophage (D:10)
  An ettin simulacrum (IceCv)
  9 swamp drakes
  23 ogres
  6 boggarts
  2 phantoms
  29 centaurs
  12 crocodiles
  Blork the orc (D:5)
  An ogre simulacrum (Vaults:1)
  A water moccasin zombie (Crypt:1)
  15 bullfrogs
  Dowan (D:5)
  3 small abominations (Elf:1)
  4 earth elementals
  2 glowing shapeshifter simulacra (Vaults:1)
  A human simulacrum (Vaults:2)
  4 scorpions
  7 killer bees (D:10)
  8 wights
  An electric eel (Spider:4)
  13 jellies
  A howler monkey (D:5)
  9 lava snakes
  5 crimson imps
  A bullfrog zombie (D:5)
  2 quasits
  Crazy Yiuf (D:5)
  3 centaur skeletons
  6 orc priests
  5 hounds
  An iron imp (D:8)
  3 iguanas
  Natasha (thrice) (D:4)
  4 lightning spires (Elf:1)
  12 orc wizards
  12 worker ants
  A hound zombie (D:6)
  3 hound skeletons
  A worker ant zombie (D:4)
  A howler monkey zombie (D:11)
  A river rat (D:3)
  12 adders
  4 gnolls
  2 shadow imps
  An ooze (shapeshifter) (Vaults:2)
  6 oozes
  2 adder skeletons
  7 worms
  2 dart slugs
  5 leopard geckos
  48 orcs
  11 bats
  8 giant cockroaches
  11 goblins
  11 hobgoblins
  11 jackals
  8 quokkas
  A ball python (D:4)
  3 frilled lizards
  3 hobgoblin zombies (D:8)
  7 kobolds
  A kobold skeleton (D:8)
  A kobold zombie (D:8)
  4 orc skeletons
  An orc zombie (D:8)
  A quokka zombie (D:6)
  13 rats
  A rat (shapeshifter) (Vaults:5)
  2 briar patches (Swamp:1)
  4 crawling corpses (Elf:3)
  2 fungi
1595 creatures vanquished.

Vanquished Creatures (collateral kills)
  An ancient lich (Vaults:5)
  An orb of fire (Zot:5)
  A caustic shrike (shapeshifter) (Vaults:5)
  A Killer Klown (Zot:5)
  2 golden dragons (Zot:2)
  Jory (Vaults:5)
  A Tzitzimitl (Zot:5)
  3 tentacled monstrosities
  An electric golem (Zot:5)
  3 titans
  14 Orb Guardians (Zot:5)
  A quicksilver dragon (Zot:2)
  3 liches
  A deep elf blademaster (Elf:3)
  A tengu reaver (Vaults:5)
  4 sphinxes
  2 storm dragons (Zot:2)
  5 shadow dragons
  6 frost giants
  3 deep elf sorcerers
  8 vault wardens
  An emperor scorpion (Spider:4)
  2 draconian scorchers (Zot:2)
  2 ghost moths
  A draconian shifter (Zot:2)
  2 deep elf elementalists
  An orc warlord (Vaults:4)
  3 draconian annihilators (Zot:2)
  7 very ugly things
  5 ironheart preservers
  13 stone giants
  2 deep elf demonologists
  3 entropy weavers
  2 green draconians
  A vampire knight (Depths:3)
  2 white draconians (Zot:2)
  4 black draconians (Zot:2)
  A deep elf annihilator (Elf:3)
  3 red draconians
  2 spark wasps (Depths:2)
  5 yellow draconians
  A blizzard demon (WizLab)
  2 purple draconians
  4 ettins
  A deep elf death mage (Elf:3)
  A jiangshi (Depths:2)
  A minotaur (shapeshifter) (Vaults:4)
  3 deep elf high priests
  8 yaktaur captains
  7 ice dragons
  8 ogre magi
  2 great orbs of eyes
  2 fire dragons (Depths:5)
  3 hydras
  3 spriggan air magi
  2 rakshasas (Depths:2)
  2 ghost crabs
  10 vault guards
  A centaur warrior (Vaults:4)
  A catoblepas (shapeshifter) (Vaults:5)
  A death knight (Vaults:4)
  3 alligators
  A dancing weapon (Elf:3)
  A deep troll shaman (Depths:2)
  A deep troll earth mage (Depths:3)
  20 two-headed ogres
  2 spriggan berserkers
  3 tengu warriors
  2 vampire magi (Depths:2)
  A hell knight (Depths:5)
  A titan zombie (Vaults:4)
  5 deep elf knights
  A fire crab (WizLab)
  A titan skeleton (Vaults:4)
  2 skeletal warriors
  A salamander mystic (Depths:5)
  4 deep elf archers
  3 death drakes
  An unseen horror (shapeshifter) (Vaults:3)
  A flayed ghost (Depths:2)
  7 deep trolls
  3 swamp dragons
  A glowing orange brain (shapeshifter) (Vaults:4)
  4 orc knights
  2 wizards
  2 glowing orange brains (Depths:2)
  A shambling mangrove (Swamp:1)
  A shadow demon (Depths:1)
  2 phantasmal warriors
  A swamp dragon (shapeshifter) (Vaults:4)
  A necromancer (Vaults:4)
  An ironbrand convoker (Vaults:3)
  2 orc sorcerers
  11 orb spiders
  A cyclops (Vaults:1)
  21 wolf spiders
  9 deep elf magi
  An orb spider (shapeshifter) (D:15)
  A faun (shapeshifter) (Depths:2)
  A tengu skeleton (Elf:1)
  A salamander (Depths:3)
  9 ugly things
  4 moths of wrath (Zot:2)
  2 black mambas
  A smoke demon (Depths:3)
  A torpor snail (Spider:1)
  3 apocalypse crabs
  7 vault sentinels
  2 spiny frogs
  A centaur skeleton (D:14)
  8 demonic crawlers
  26 yaktaurs
  3 freezing wraiths
  A troll (Orc:1)
  A tengu conjurer (Depths:2)
  17 jumping spiders
  A shadow dragon simulacrum (Elf:1)
  8 hornets
  A raiju (shapeshifter) (Vaults:4)
  10 slime creatures
  A snapping turtle (shapeshifter) (Vaults:4)
  A blink frog (Lair:4)
  A human simulacrum (Vaults:4)
  15 air elementals
  37 redbacks
  A spriggan (shapeshifter) (Vaults:1)
  16 tarantellas
  2 yaks
  2 spriggans (Swamp:1)
  A wraith (Vaults:4)
  A dire elephant simulacrum (IceCv)
  4 humans (D:14)
  A wyvern (Lair:4)
  A basilisk (shapeshifter) (Depths:1)
  A chaos spawn (Depths:3)
  2 basilisks (Elf:1)
  A hungry ghost (D:13)
  5 vampire mosquitoes
  2 spatial vortices (Elf:1)
  8 swamp worms
  A warg (Elf:1)
  Purgy (Sewer)
  2 porcupines
  8 orc warriors
  9 swamp drakes
  A sky beast (D:11)
  15 ogres
  5 centaurs
  An elf skeleton (Vaults:1)
  3 crocodiles
  3 bullfrogs
  2 earth elementals
  A wyvern zombie (D:12)
  A glowing shapeshifter simulacrum (Vaults:4)
  A scorpion (D:11)
  A killer bee (D:10)
  A wight (D:8)
  2 orc priests
  2 hounds (D:14)
  2 orc wizards
  An iron imp (Zot:5)
  12 orcs
  A jackal (D:13)
  A butterfly (Lair:4)
  A crawling corpse (Elf:3)
  A fungus (Lair:4)
  A plant (Swamp:3)
605 creatures vanquished.

Vanquished Creatures (others)
  A deep elf master archer (Elf:3)
  An eldritch tentacle (Elf:1)
  A tengu reaver (Vaults:5)
  An ironheart preserver (Vaults:3)
  A stone giant (Vaults:2)
  2 blizzard demons (WizLab)
  A yaktaur captain (Vaults:5)
  A hydra (Swamp:2)
  3 vault guards
  A two-headed ogre (Depths:2)
  2 deep elf knights
  A death drake (WizLab)
  3 deep elf archers
  A deep elf mage (Elf:1)
  5 yaktaurs
  A blink frog (Elf:1)
  2 air elementals (WizLab)
  A tarantella (Vaults:3)
  A fire elemental (Elf:1)
  2 neqoxecs (Zot:5)
  4 orc warriors (Orc:2)
  2 slaves (D:7)
  4 centaurs
  A wight (D:8)
  A quasit (Zot:5)
  An orc priest (D:7)
  An orc wizard (D:7)
  4 ball lightnings (Elf:1)
  5 orcs
  A briar patch (Swamp:1)
  A bush (D:14)
  6 fungi
  13 plants
76 creatures vanquished.

Grand Total: 2276 creatures vanquished

Notes
Turn   | Place    | Note
-------+----------+-------------------------------------------
     0 | D:1      | VLARC the Octopode Wizard began the quest for the Orb.
     0 | D:1      | Reached XP level 1. HP: 11/11 MP: 4/4
   256 | D:1      | Reached XP level 2. HP: 17/17 MP: 6/6
   935 | D:1      | Reached XP level 3. HP: 21/21 MP: 6/8
  1657 | D:2      | Reached XP level 4. HP: 26/27 MP: 0/10
  1736 | D:2      | Learned a level 2 spell: Blink
  1739 | D:2      | Learned a level 2 spell: Call Imp
  1743 | D:2      | Learned a level 3 spell: Conjure Flame
  1747 | D:2      | Learned a level 3 spell: Mephitic Cloud
  2833 | D:3      | Found a hazy altar of Hepliaklqana.
  2865 | D:3      | Found a faded altar of an unknown god.
  2869 | D:3      | Reached XP level 5. HP: 30/31 MP: 11/11
  3123 | D:3      | Found a glowing drain.
  3127 | Sewer    | Entered a sewer
  3152 | Sewer    | Noticed Purgy
  3191 | Sewer    | Killed Purgy
  3191 | Sewer    | Reached skill level 5 in Conjurations
  3191 | Sewer    | Reached XP level 6. HP: 11/36 MP: 3/12
  3960 | D:4      | Found Yntyira's Assorted Antiques.
  4126 | D:4      | Bought a scroll labeled WOUFUU PEZU for 29 gold pieces
  4126 | D:4      | Bought a scroll labeled AHAQITA OMUTA for 29 gold pieces
  4126 | D:4      | Bought a ruby potion for 26 gold pieces
  4126 | D:4      | Bought a fuming ruby potion for 26 gold pieces
  4372 | D:4      | Reached skill level 1 in Poison Magic
  4729 | D:4      | Reached XP level 7. HP: 39/41 MP: 3/13
  4821 | D:4      | Noticed Natasha
  4825 | D:4      | Killed Natasha
  4973 | D:4      | Noticed Natasha
  4977 | D:4      | Killed Natasha
  4977 | D:4      | Reached skill level 1 in Air Magic
  4985 | D:4      | Noticed Natasha
  4988 | D:4      | Killed Natasha
  5063 | D:4      | Noticed Eustachio
  5093 | D:4      | Killed Eustachio
  5547 | D:4      | Found a staircase to the Ecumenical Temple.
  5558 | Temple   | Entered the Ecumenical Temple
  5870 | Temple   | Became a worshipper of Kikubaaqudgha
  5900 | D:4      | Reached XP level 8. HP: 34/46 MP: 9/14
  6068 | D:5      | Entered Level 5 of the Dungeon
  6068 | D:5      | Found a stormy altar of Qazlal.
  6085 | D:5      | Reached skill level 5 in Air Magic
  6342 | D:5      | Noticed Blork the orc
  6360 | D:5      | Killed Blork the orc
  6467 | D:5      | Found a runed door.
  6471 | D:5      | Noticed Crazy Yiuf
  6478 | D:5      | Killed Crazy Yiuf
  7230 | D:5      | Noticed Duvessa
  7239 | D:5      | Noticed Dowan
  7243 | D:5      | Killed Duvessa
  7265 | D:5      | Killed Dowan
  7354 | D:5      | Found a bloodstained altar of Trog.
  7758 | D:5      | Reached skill level 1 in Fire Magic
  7758 | D:5      | Reached XP level 9. HP: 42/51 MP: 3/15
  8185 | D:6      | Reached * piety under Kikubaaqudgha
  8185 | D:6      | Identified Kikubaaqudgha's Disquisition on Dark Arts (Kikubaaqudgha gifted it to you on level 6 of the Dungeon)
  8185 | D:6      | Received a gift from Kikubaaqudgha
  8417 | D:6      | Found a shimmering altar of Xom.
  8585 | D:7      | Noticed Pikel
  8596 | D:7      | Killed Pikel
  8637 | D:7      | Reached skill level 1 in Necromancy
  8955 | D:7      | Reached skill level 3 in Dodging
  9141 | D:8      | Noticed a two-headed ogre
  9143 | D:8      | Reached ** piety under Kikubaaqudgha
  9256 | D:8      | Reached skill level 4 in Dodging
  9293 | D:8      | Reached XP level 10. HP: 40/56 MP: 16/16
  9301 | D:8      | Learned a level 6 spell: Freezing Cloud
  9339 | D:8      | Killed a two-headed ogre
  9339 | D:8      | Reached skill level 5 in Dodging
  9650 | D:8      | Found a glowing golden altar of the Shining One.
  9818 | D:8      | Found Jattich's Weapon Emporium.
  9891 | D:8      | Found Zebbuhog's Gadget Shop.
  9895 | D:8      | Bought a wand of enslavement (6) for 96 gold pieces
  9908 | D:8      | Found Syshruosegg's Jewellery Shop.
  9918 | D:8      | Bought a cursed -2 ring of strength for 22 gold pieces
 10257 | D:8      | Reached skill level 5 in Necromancy
 10266 | D:8      | Reached skill level 1 in Ice Magic
 10539 | D:9      | Reached skill level 6 in Dodging
 11113 | D:9      | Reached skill level 7 in Dodging
 12031 | D:10     | Entered Level 10 of the Dungeon
 12336 | D:10     | Found a staircase to the Lair.
 12603 | D:10     | Reached skill level 5 in Ice Magic
 12603 | D:10     | Reached XP level 11. HP: 61/61 MP: 11/17
 12908 | D:10     | Reached skill level 8 in Dodging
 13174 | D:10     | Reached *** piety under Kikubaaqudgha
 13174 | D:10     | Identified Kikubaaqudgha's Papyrus of Darkness (Kikubaaqudgha gifted it to you on level 10 of the Dungeon)
 13174 | D:10     | Received a gift from Kikubaaqudgha
 13319 | D:10     | Killed an unseen horror
 13813 | Lair:1   | Entered Level 1 of the Lair of Beasts
 14387 | Lair:1   | Reached skill level 5 in Spellcasting
 14567 | Lair:1   | Noticed Gastronok
 14606 | Lair:1   | Killed Gastronok
 15423 | Lair:1   | Learned a level 5 spell: Borgnjor's Vile Clutch
 15756 | Lair:1   | Reached XP level 12. HP: 55/67 MP: 22/22
 16088 | Lair:1   | Reached skill level 1 in Fighting
 16088 | Lair:1   | Reached skill level 1 in Earth Magic
 16173 | Lair:1   | Noticed Erica
 16185 | Lair:1   | Killed Erica
 16446 | Lair:1   | Noticed Joseph
 16455 | Lair:1   | Killed Joseph
 17133 | Lair:2   | Found the +3 hat of Pondering {ponderous, MR+ MP+10 Int+5}
 17142 | Lair:2   | Found a staircase to the Swamp.
 17221 | Lair:2   | Found a shattered altar of Ashenzari.
 18893 | Lair:3   | Found a hole to the Spider Nest.
 19391 | Lair:4   | Noticed a five-headed hydra
 19401 | Lair:4   | Killed a five-headed hydra
 19401 | Lair:4   | Reached **** piety under Kikubaaqudgha
 19555 | Lair:4   | Learned a level 4 spell: Animate Dead
 19706 | Lair:4   | Noticed a four-headed hydra
 19715 | Lair:4   | Killed a four-headed hydra
 20281 | Lair:5   | Reached skill level 5 in Fighting
 20281 | Lair:5   | Reached skill level 5 in Earth Magic
 20509 | Lair:5   | Reached skill level 1 in Shields
 20509 | Lair:5   | Reached XP level 13. HP: 65/81 MP: 14/23
 21398 | Lair:5   | Identified a scroll of acquirement
 21399 | Lair:5   | Found the +3 warlock's mirror {reflect}
 21792 | Lair:6   | Entered Level 6 of the Lair of Beasts
 23058 | Lair:6   | Reached skill level 10 in Ice Magic
 23329 | Lair:6   | Found a staircase to the Slime Pits.
 23996 | Lair:6   | Reached ***** piety under Kikubaaqudgha
 24840 | Lair:6   | Reached XP level 14. HP: 60/88 MP: 15/24
 25231 | Lair:6   | Found a large runed door.
 25232 | Lair:6   | Found a large runed door.
 25538 | Lair:6   | Reached skill level 10 in Air Magic
 26014 | D:11     | Found an iron altar of Okawaru.
 26018 | D:11     | Noticed Fannar
 26029 | D:11     | Killed Fannar
 26029 | D:11     | Reached skill level 10 in Conjurations
 26186 | D:11     | Noticed Maurice
 26191 | D:11     | Killed Maurice
 26422 | D:11     | Noticed Urug
 26427 | D:11     | Killed Urug
 27020 | D:12     | Reached skill level 9 in Dodging
 27169 | D:12     | Identified the cursed +0 pair of boots "Fael" {Int+2} (You found it on level 12 of the Dungeon)
 27480 | D:12     | Noticed Frances
 27492 | D:12     | Killed Frances
 27867 | D:12     | Found a staircase to the Orcish Mines.
 28135 | D:8      | Bought a +5 amulet of reflection for 453 gold pieces
 28155 | D:8      | Bought a wand of digging (17) for 504 gold pieces
 28273 | D:12     | Noticed a stone giant
 28280 | D:12     | Killed a stone giant
 28914 | D:13     | Learned a level 5 spell: Dispel Undead
 29732 | D:14     | Found a gate to the Vaults.
 29732 | D:14     | Noticed Rupert
 30216 | D:14     | Reached skill level 10 in Dodging
 30857 | D:14     | Found Ufuefevo's Armour Shop.
 30885 | D:14     | Killed Rupert
 30885 | D:14     | Reached XP level 15. HP: 99/99 MP: 12/28
 31316 | D:14     | Got a slimy lapis lazuli ring
 31317 | D:14     | Identified the ring "Rytry" {rF+ SInv} (You acquired it on level 14 of the Dungeon)
 31582 | D:14     | Reached ****** piety under Kikubaaqudgha
 31616 | D:14     | Found a radiant altar of Vehumet.
 31780 | D:15     | Entered Level 15 of the Dungeon
 32019 | D:15     | Noticed HammerPanzer's ghost (journeyman DrBe)
 32029 | D:15     | Killed HammerPanzer's ghost
 32389 | D:15     | Found a shadowy altar of Dithmenos.
 32538 | D:15     | Reached skill level 11 in Dodging
 33030 | D:15     | Found a staircase to the Depths.
 33257 | Orc:1    | Entered Level 1 of the Orcish Mines
 33257 | Orc:1    | Found a bloodstained altar of Trog.
 33267 | D:12     | Reached skill level 10 in Spellcasting
 33686 | Orc:2    | Entered Level 2 of the Orcish Mines
 34037 | Orc:2    | Noticed Snorg
 34048 | Orc:2    | Killed Snorg
 34205 | Orc:1    | Noticed Harold
 34222 | Orc:1    | Killed Harold
 35316 | Orc:2    | Found a staircase to the Elven Halls.
 35595 | Orc:2    | Found Rimewin's Jewellery Emporium.
 35595 | Orc:2    | Found Nealac's Food Shop.
 35597 | Orc:2    | Found Joigamem's Magic Scroll Boutique.
 35599 | Orc:2    | Found Essukom's Armour Shoppe.
 35620 | Orc:2    | Bought a scroll of teleportation for 36 gold pieces
 35620 | Orc:2    | Bought a scroll of teleportation for 36 gold pieces
 35620 | Orc:2    | Bought a scroll of amnesia for 42 gold pieces
 35899 | Orc:2    | Received a gift from Kikubaaqudgha
 36068 | Swamp:1  | Entered Level 1 of the Swamp
 36851 | Swamp:1  | Noticed Roxanne
 36913 | Swamp:1  | Reached skill level 1 in Evocations
 37265 | Swamp:1  | Reached skill level 10 in Fighting
 37331 | Swamp:1  | Noticed a thorn hunter
 37339 | Swamp:1  | Killed a thorn hunter
 37339 | Swamp:1  | Reached XP level 16. HP: 109/109 MP: 28/30
 37584 | Swamp:1  | Learned a level 7 spell: Haunt
 37591 | Swamp:1  | Reached skill level 12 in Dodging
 37591 | Swamp:1  | Reached skill level 5 in Stealth
 37829 | Swamp:1  | Killed Roxanne
 38929 | Swamp:2  | Noticed Donald
 38942 | Swamp:2  | Killed Donald
 39350 | Swamp:3  | Noticed a thorn hunter
 39360 | Swamp:3  | Killed a thorn hunter
 39607 | Swamp:3  | Reached skill level 5 in Evocations
 40302 | Swamp:4  | Entered Level 4 of the Swamp
 40476 | Swamp:4  | Noticed Jorgrun
 40484 | Swamp:4  | Killed Jorgrun
 41045 | Swamp:4  | Reached skill level 5 in Summonings
 41259 | Swamp:4  | Noticed the 27-headed Lernaean hydra
 41267 | Swamp:4  | Killed the 27-headed Lernaean hydra
 41298 | Swamp:4  | Reached XP level 17. HP: 109/115 MP: 1/31
 41654 | Swamp:4  | Reached skill level 10 in Stealth
 41665 | Swamp:4  | Got a decaying rune of Zot
 42251 | Spider:1 | Entered Level 1 of the Spider Nest
 43775 | Spider:2 | Reached skill level 10 in Necromancy
 45029 | Spider:3 | Noticed Arachne
 45045 | Spider:2 | Killed Arachne
 46747 | Spider:4 | Entered Level 4 of the Spider Nest
 46934 | Spider:4 | Found a frozen archway.
 46943 | IceCv    | Entered an ice cave
 47065 | IceCv    | Reached XP level 18. HP: 120/120 MP: 24/32
 47608 | IceCv    | Learned a level 2 spell: Sublimation of Blood
 47711 | Spider:4 | Reached skill level 10 in Summonings
 49306 | Spider:4 | Got a gossamer rune of Zot
 49948 | Elf:1    | Entered Level 1 of the Elven Halls
 50084 | Elf:1    | Identified the Papyrus of Darkness
 50145 | Elf:1    | Noticed a Brimstone Fiend
 50305 | Elf:1    | Identified Qioxioz's Catalogue of Stones
 50763 | Elf:1    | Found Syav's Weapon Shoppe.
 51018 | Elf:1    | Reached skill level 5 in Shields
 51076 | Elf:1    | Identified the Papyrus of Flight
 51645 | Elf:1    | Identified the Tome of Envenoming
 51779 | Elf:1    | Reached XP level 19. HP: 97/132 MP: 33/33
 51863 | Elf:1    | Noticed a bone dragon
 51875 | Elf:1    | Killed a bone dragon
 52181 | Elf:1    | Identified the Collected Works on Darkness
 52469 | Elf:1    | Identified the Almanac of the Blaze
 52835 | Elf:1    | Identified the Guide on Dislocation
 54062 | Elf:2    | Found a runed door.
 54086 | Elf:2    | Found a runed door.
 54115 | Elf:3    | Entered Level 3 of the Elven Halls
 56271 | Elf:3    | Identified the ring "Omuotax" {AC+3 SInv} (You took it off a deep elf death mage on level 3 of the Elven Halls)
 56272 | Elf:3    | Identified the +7 scythe "Hell-Harrower" {pain, +Fly rC+ Dex+4} (You took it off a deep elf death mage on level 3 of the Elven Halls)
 56295 | Elf:3    | Identified the cursed +1 scythe "Juryt" {flame, rElec rPois} (You took it off a deep elf high priest on level 3 of the Elven Halls)
 56546 | Elf:3    | Reached XP level 20. HP: 59/139 MP: 11/36
 56901 | Elf:3    | Identified the Almanac of Glacial Weightlessness
 56918 | Elf:3    | Identified the +1 buckler of Ecwot {*Slow Dex+3 SInv} (You found it on level 3 of the Elven Halls)
 57637 | Vaults:1 | Entered Level 1 of the Vaults
 58476 | Vaults:1 | Reached skill level 10 in Earth Magic
 59659 | Vaults:1 | Noticed a Tzitzimitl
 59661 | Vaults:1 | Noticed a Brimstone Fiend
 61423 | Vaults:2 | Found Sezamp's Distillery.
 61435 | Vaults:2 | Bought a potion of cancellation for 128 gold pieces
 61521 | Vaults:2 | Reached skill level 15 in Necromancy
 61674 | Vaults:2 | Found a staircase to the Crypt.
 61674 | Vaults:2 | Found a basalt altar of Yredelemnul.
 61674 | Vaults:2 | Found an ancient bone altar of Kikubaaqudgha.
 62142 | Vaults:2 | Learned a level 8 spell: Infestation
 62370 | Vaults:2 | Noticed Xtahua
 62378 | Vaults:2 | Killed Xtahua
 62378 | Vaults:2 | Reached XP level 21. HP: 144/144 MP: 27/38
 63635 | Vaults:3 | Learned a level 6 spell: Simulacrum
 63642 | Vaults:3 | Learned a level 6 spell: Statue Form
 63765 | Vaults:3 | Reached skill level 1 in Transmutations
 63967 | Vaults:3 | Found Legimust's General Store.
 64938 | Vaults:4 | Reached skill level 13 in Dodging
 65253 | Vaults:4 | Reached XP level 22. HP: 150/150 MP: 40/40
 66230 | Vaults:5 | Entered Level 5 of the Vaults
 66240 | Vaults:5 | Reached skill level 5 in Transmutations
 66485 | Vaults:5 | Noticed Jory
 66956 | Vaults:5 | Killed Jory
 66966 | Vaults:4 | Got a transparent pewter ring
 66977 | Vaults:4 | Identified the ring of Iptiuc {rElec Int+5 SInv} (You took it off an ogre mage on level 4 of the Vaults)
 67345 | Vaults:5 | Noticed an ancient lich
 67349 | Vaults:5 | Killed an ancient lich
 67349 | Vaults:5 | Reached skill level 14 in Dodging
 67720 | Vaults:5 | Reached XP level 23. HP: 153/155 MP: 2/41
 68483 | Vaults:5 | Reached skill level 15 in Dodging
 68513 | Vaults:5 | Identified the +9 triple sword of the Evening {slice, Fragile rF++ rN+} (You took it off an ironbrand convoker on level 5 of the Vaults)
 68660 | Vaults:5 | Noticed a golden dragon
 68665 | Vaults:5 | Killed a golden dragon
 68666 | Vaults:5 | Noticed a caustic shrike
 68669 | Vaults:5 | Killed a caustic shrike
 69114 | Vaults:5 | Got a silver rune of Zot
 69579 | Vaults:5 | Learned a level 3 spell: Regeneration
 69698 | Crypt:1  | Entered Level 1 of the Crypt
 69721 | Crypt:1  | Noticed Boris
 69725 | Crypt:1  | Killed Boris
 69877 | Crypt:1  | Reached skill level 16 in Dodging
 70754 | Depths:1 | Entered Level 1 of the Depths
 71223 | Depths:1 | Found a gateway to Hell.
 71305 | Depths:1 | Reached skill level 1 in Charms
 71700 | Depths:1 | Found a one-way gate to the infinite horrors of the Abyss.
 72025 | Depths:2 | Found a gateway to a ziggurat.
 72075 | Depths:2 | Found a magical portal.
 72084 | WizLab   | Entered The Chambers of the Cloud Mage
 72726 | WizLab   | Got a coiled lead ring
 72727 | WizLab   | Identified the ring of Wirekkoxua {+Fly Str+4} (You found it in a wizard's laboratory)
 72732 | WizLab   | Identified the Guide on Weightlessness
 72955 | Depths:2 | Reached skill level 5 in Charms
 73114 | Depths:2 | Reached XP level 24. HP: 162/162 MP: 30/41
 73225 | Depths:2 | Noticed Nikola
 73230 | Depths:2 | Killed Nikola
 73230 | Depths:2 | Reached skill level 17 in Dodging
 73902 | Depths:2 | Identified the amulet of Immorality {*Corrode +Rage Int-4 Dex+8 SInv} (You found it on level 2 of the Depths)
 75203 | Depths:3 | Reached skill level 18 in Dodging
 76260 | Depths:3 | Found a one-way gate leading to the halls of Pandemonium.
 76423 | Depths:5 | Entered Level 5 of the Depths
 76493 | Depths:5 | Reached skill level 1 in Long Blades
 76793 | Depths:5 | Reached XP level 25. HP: 162/171 MP: 25/41
 76956 | Depths:5 | Found a gate to the Realm of Zot.
 76962 | Zot:1    | Entered Level 1 of the Realm of Zot
 77383 | Zot:2    | Reached skill level 5 in Long Blades
 77441 | Zot:2    | Reached skill level 19 in Dodging
 77888 | Zot:5    | Entered Level 5 of the Realm of Zot
 77982 | Zot:5    | Reached skill level 15 in Fighting
 78021 | Zot:5    | Noticed an ancient lich
 78025 | Zot:5    | Killed an ancient lich
 78053 | Zot:5    | Noticed a Killer Klown
 78053 | Zot:5    | Noticed an ancient lich
 78066 | Zot:5    | Killed an ancient lich
 78071 | Zot:5    | Noticed an ancient lich
 78074 | Zot:5    | Killed an ancient lich
 78074 | Zot:5    | Killed a Killer Klown
 78077 | Zot:5    | Reached XP level 26. HP: 181/181 MP: 32/41
 78083 | Zot:5    | Noticed an ancient lich
 78088 | Zot:5    | Killed an ancient lich
 78104 | Zot:5    | Noticed an orb of fire
 78105 | Zot:5    | Gained mutation: You are weak. (Str -2) [an orb of fire]
 78115 | Zot:5    | Gained mutation: Your magical capacity is low. (-10% MP) [an orb of fire]
 78117 | Zot:5    | Noticed an orb of fire
 78119 | Zot:5    | Noticed an ancient lich
 78120 | Zot:5    | Killed an ancient lich
 78145 | Zot:5    | Killed an orb of fire
 78160 | Zot:5    | Gained mutation: Your spells are a little easier to cast, but a little less powerful. [an orb of fire]
 78160 | Zot:5    | Killed an orb of fire
 78277 | Zot:5    | Reached skill level 20 in Dodging
 78340 | Zot:5    | Reached skill level 10 in Long Blades
 78347 | Zot:5    | Got the Orb of Zot
 78378 | Zot:5    | Noticed an orb of fire
 78387 | Zot:5    | Noticed an orb of fire
 78392 | Zot:5    | Gained mutation: You are very weak. (Str -4) [an orb of fire]
 78399 | Zot:5    | Noticed an ancient lich
 78411 | Zot:5    | Killed an ancient lich
 78577 | Zot:5    | Noticed Ufru the pandemonium lord
 78579 | Zot:5    | Noticed an ancient lich
 78593 | Zot:5    | Killed an ancient lich
 78598 | Zot:5    | Noticed an ancient lich
 78607 | Zot:5    | Noticed an ancient lich
 78633 | Zot:4    | Slain by a tentacled monstrosity

Skill      XL: |  1  2  3  4  5  6  7  8  9 10 11 12 13 14 15 16 17 18 19 20 21 22 23 24 25 26 |
---------------+-------------------------------------------------------------------------------+-----
Spellcasting   | 4 6 7 9 10 12 13 14 | 14.0
Conjurations   | 2 3 5 9 10 | 10.0
Translocations | 2 |  2.0
Poison Magic   | 3 4 |  4.0
Air Magic      | 4 8 9 10 | 10.0
Fire Magic     | 1 6 |  6.1
Necromancy     | 3 5 7 9 11 12 15 17 18 19 | 19.0
Dodging        | 4 7 8 10 11 12 13 14 16 18 19 20 | 20.3
Ice Magic      | 5 7 9 10 | 10.0
Fighting       | 5 8 10 12 13 15 16 | 16.3
Earth Magic    | 5 9 10 11 | 11.2
Shields        | 1 4 6 7 |  7.0
Stealth        | 4 9 10 | 10.3
Evocations     | 2 6 7 |  7.6
Summonings     | 5 9 11 | 11.0
Transmutations | 4 7 8 |  8.0
Charms         | 5 9 |  9.0
Long Blades    | 2 8 10 | 10.5

Action                   |  1- 3 |  4- 6 |  7- 9 | 10-12 | 13-15 | 16-18 | 19-21 | 22-24 | 25-27 || total
-------------------------+-------+-------+-------+-------+-------+-------+-------+-------+-------++-------
Melee: Unarmed           |    23 |       |       |       |       |       |       |       |       ||    23
       Constrict         |    16 |    52 |    41 |    43 |    51 |    73 |    90 |    49 |    31 ||   446
       Tentacles         |     9 |    31 |    29 |    48 |    76 |    77 |    86 |    75 |    40 ||   471
       Dagger            |    27 |   198 |   105 |       |       |       |       |       |       ||   330
       Short sword       |       |       |   140 |   348 |   478 |   337 |       |       |       ||  1303
       Double sword      |       |       |       |       |       |   124 |   466 |   400 |   190 ||  1180
Throw: Throwing net      |       |       |       |       |       |       |       |       |     1 ||     1
 Cast: Magic Dart        |    17 |    13 |    73 |   313 |   201 |    42 |    29 |    14 |       ||   702
       Blink             |       |     2 |    11 |    15 |    15 |     6 |     6 |     2 |    11 ||    68
       Call Imp          |       |     2 |       |    12 |       |       |       |       |       ||    14
       Mephitic Cloud    |       |     1 |    27 |    48 |     6 |       |       |       |       ||    82
       Conjure Flame     |       |       |     8 |    29 |    18 |     2 |       |       |       ||    57
       Freezing Cloud    |       |       |       |     2 |    47 |    32 |    32 |    19 |     3 ||   135
       Borgnjor's Vile C |       |       |       |    14 |   165 |   224 |   166 |   143 |    22 ||   734
       Animate Dead      |       |       |       |     9 |    57 |   110 |    47 |    53 |    12 ||   288
       Dispel Undead     |       |       |       |       |    25 |    10 |    19 |    32 |    15 ||   101
       Haunt             |       |       |       |       |       |     7 |    26 |       |       ||    33
       Infestation       |       |       |       |       |       |       |     9 |    61 |    25 ||    95
       Statue Form       |       |       |       |       |       |       |     2 |    59 |    17 ||    78
       Simulacrum        |       |       |       |       |       |       |       |     4 |     3 ||     7
       Regeneration      |       |       |       |       |       |       |       |    22 |    18 ||    40
       Sublimation of Bl |       |       |       |       |       |       |       |     9 |       ||     9
Invok: Receive Corpses   |       |       |       |     1 |     1 |     4 |     3 |     5 |     7 ||    21
       Receive Necronomi |       |       |       |       |     1 |       |       |       |       ||     1
 Abil: End Transformatio |       |       |       |       |       |       |     1 |    16 |     1 ||    18
Evoke: Wand              |       |       |       |    11 |    21 |     5 |     3 |       |     3 ||    43
  Use: Scroll            |       |     8 |    10 |     8 |    18 |    11 |    23 |    14 |    10 ||   102
       Potion            |       |       |       |     2 |     3 |     4 |     2 |    11 |    13 ||    35
 Stab: Sleeping          |     6 |    21 |     9 |     7 |     8 |     9 |    18 |     8 |       ||    86
       Confused          |       |       |     6 |     8 |       |       |       |       |       ||    14
       Distracted        |       |       |     1 |       |     1 |    11 |     6 |     5 |    11 ||    35
       Paralysed         |       |       |       |     7 |       |       |       |       |       ||     7
  Eat: Chunk             |     2 |    10 |    14 |    27 |    36 |    18 |    26 |    37 |     4 ||   174
       Ration            |       |       |     1 |     5 |    21 |    18 |    12 |    10 |     5 ||    72
Armor: Skin              |     2 |    21 |    38 |    24 |    83 |    64 |    86 |   292 |   145 ||   755
Dodge: Dodged            |    27 |   133 |   146 |   249 |   383 |   495 |   385 |   633 |   321 ||  2772
Block: Buckler           |       |       |       |       |   343 |   447 |   400 |   578 |   225 ||  1993
       Reflection        |       |       |       |       |    80 |    25 |    65 |    87 |    35 ||   292
       Rpst.: Double sword |       |       |       |       |       |    21 |    81 |   127 |    57 ||   286
